 Dungeon Crawl Stone Soup version 0.23.2-40-g277498a001 (webtiles) character file.

Game seed: 2556707193723705472

618 igoodwill the Cutter (level 7, -4/61 HPs)
             Began as a Hill Orc Fighter on Sept 3, 2019.
             Shot with an arrow by a centaur (9 damage)
             ... on level 6 of the Dungeon.
             The game lasted 00:24:32 (5081 turns).

igoodwill the Cutter (Hill Orc Fighter)             Turns: 5081, Time: 00:24:33

Health: -4/61      AC: 11    Str: 21    XL:     7   Next: 45%
Magic:  7/7        EV:  8    Int:  8    God:
Gold:   189        SH:  9    Dex: 10    Spells: 6/6 levels left

rFire    . . .     SeeInvis .   a - +1 rapier
rCold    . . .     Gourm    .   c - +0 shield
rNeg     . . .     Faith    .   b - +1 scale mail
rPois    .         Spirit   .   j - +2 helmet
rElec    .         Reflect  .   (no cloak)
rCorr    .         Harm     .   (no gloves)
MR       .....                  (no boots)
Stlth    ..........             (no amulet)
HPRegen  0.20/turn              (no ring)
MPRegen  0.10/turn              (no ring)

@: no status effects
A: no striking features
a: no special abilities


You were on level 6 of the Dungeon.
You were not hungry.

You visited 1 branch of the dungeon, and saw 6 of its levels.

You collected 189 gold pieces.

Inventory:

Hand Weapons
 a - a +1 rapier (weapon)
Armour
 b - a +1 scale mail (worn)
 c - a +0 shield (worn)
 j - a +2 helmet (worn)
 o - a cursed +0 pair of gloves
Jewellery
 i - an uncursed amulet of faith {unknown}
 m - an uncursed ring of ice {unknown}
Wands
 g - a wand of random effects (18)
 h - a wand of digging (1)
Scrolls
 k - a scroll of amnesia
 l - a scroll of fear
Potions
 d - 2 potions of might
 e - a potion of magic {unknown}
 p - a potion of ambrosia {unknown}
Comestibles
 f - 9 rations


   Skills:
 + Level 5.0 Fighting
 + Level 5.3 Short Blades
 + Level 4.7 Armour
 + Level 1.2 Dodging
 + Level 1.1 Stealth
 + Level 4.9 Shields


You had 6 spell levels left.
You didn't know any spells.
Your spell library was empty.

Dungeon Overview and Level Annotations

Branches:
Dungeon (6/15)
 Temple: D:4-7

Altars:
Vehumet


Message History

The ogre is lightly wounded.
You block the ogre's attack.
You hit the ogre.
The ogre is moderately wounded.
The ogre hits you with a +0 giant club!!
* * * LOW HITPOINT WARNING * * *
A hobgoblin zombie comes into view.
Okay, then.
Okay, then. 2 zombies come into view.
The hobgoblin zombie closely misses you.
A centaur comes into view.
The centaur shouts!
The centaur wields a +0 shortbow.
The centaur shoots an arrow.
You block the arrow.
Found a viscous amethyst potion.
You see here an arrow.
The centaur shoots an arrow.
The arrow hits you but does no damage.
The centaur shoots an arrow.
The arrow hits you!
You die...

.#+ #...#
#...#
##...#
+....#
.....#Z.##
..Z.##..#
..... #OZ#
###.####(.#
.......@..#
....!.....#
...c#######
###


You could see an ogre, a centaur and 2 hobgoblin zombies.

Vanquished Creatures
  2 scorpions (D:4)
  2 orc priests (D:4)
  3 hounds (D:4)
  2 orc wizards (D:4)
  Jessica (D:3)
  A worker ant (D:4)
  Natasha (thrice) (D:2)
  3 gnolls (D:3)
  4 adders (D:4)
  A shadow imp (D:6)
  An ooze (D:4)
  4 worms
  4 leopard geckos
  9 orcs
  2 giant cockroaches
  11 goblins
  6 hobgoblins
  10 kobolds
  2 quokkas
  5 ball pythons
  A ball python skeleton (D:4)
  8 bats
  7 frilled lizards
  A jackal skeleton (D:4)
  7 rats
100 creatures vanquished.

Notes
Turn   | Place    | Note
-------+----------+-------------------------------------------
     0 | D:1      | igoodwill the Hill Orc Fighter began the quest for the Orb.
     0 | D:1      | Reached XP level 1. HP: 19/19 MP: 1/1
    61 | D:1      | Reached XP level 2. HP: 13/27 MP: 2/2
   548 | D:1      | Reached XP level 3. HP: 33/33 MP: 3/3
   974 | D:2      | Noticed Natasha
  1263 | D:2      | Killed Natasha
  1263 | D:2      | Reached XP level 4. HP: 35/40 MP: 4/4
  1277 | D:2      | Noticed Natasha
  1298 | D:2      | Killed Natasha
  1720 | D:2      | Noticed Natasha
  1731 | D:2      | Killed Natasha
  1731 | D:2      | Reached XP level 5. HP: 33/47 MP: 5/5
  2353 | D:3      | Noticed Jessica
  2530 | D:4      | Reached XP level 6. HP: 31/55 MP: 6/6
  2789 | D:4      | Reached skill level 1 in Dodging
  2876 | D:4      | Reached skill level 1 in Stealth
  2963 | D:4      | HP: 2/55 [orc priest/divine providence (15)]
  2975 | D:5      | Entered Level 5 of the Dungeon
  3677 | D:4      | Reached XP level 7. HP: 60/60 MP: 7/7
  4069 | D:4      | Reached skill level 5 in Short Blades
  4564 | D:3      | Killed Jessica
  4588 | D:3      | Found a radiant altar of Vehumet.
  4659 | D:3      | Reached skill level 5 in Fighting
  5048 | D:3      | You fall through a shaft for 2 floors!
  5063 | D:6      | HP: 1/61 [ogre/+0 giant club (18)]
  5081 | D:6      | Shot with an arrow by a centaur

Skill      XL: |  1  2  3  4  5  6  7 |
---------------+----------------------+-----
Fighting       | 4 5 |  5.0
Shields        | 4 |  4.9
Short Blades   | 3 4 5 |  5.3
Armour         | 4 |  4.7
Dodging        | 1 |  1.2
Stealth        | 1 |  1.1

Action                   |  1- 3 |  4- 6 |  7- 9 || total
-------------------------+-------+-------+-------++-------
Melee: Rapier            |   124 |   232 |   109 ||   465
  Use: Scroll            |     2 |     2 |     4 ||     8
       Potion            |     1 |     2 |       ||     3
  Eat: Ration            |     1 |     2 |     1 ||     4
Armor: Scale mail        |    51 |    88 |    24 ||   163
Dodge: Dodged            |    32 |    48 |    24 ||   104
Block: Shield            |    62 |    91 |    50 ||   203
